 Dungeon Crawl Stone Soup version 0.24-a0-528-g98e85ec (webtiles) character file.

Game seed: 15695831093502577406

8066 Firecrotchwizard the Cleaver (level 11, 0/103 HPs)
             Began as a Deep Dwarf Fighter on Aug 5, 2019.
             Was an Elder of Makhleb.
             Slain by an ice beast (10 damage)
             ... while paralysed by a hornet
             ... on level 10 of the Dungeon.
             The game lasted 00:29:39 (8733 turns).

Firecrotchwizard the Cleaver (Deep Dwarf Fighter)   Turns: 8733, Time: 00:29:40

Health: 0/103      AC: 12    Str: 24    XL:     11   Next: 5%
Magic:  19/19 (10) EV:  2    Int:  8    God:    Makhleb [****..]
Gold:   231        SH:  0    Dex: 12    Spells: 10/10 levels left

rFire    . . .     SeeInvis .   D - +7 broad axe (chop)
rCold    . . .     Gourm    .   j - +2 buckler
rNeg     . . .     Faith    +   B - +0 chain mail
rPois    .         Spirit   .   i - +1 hat
rElec    .         Reflect  .   (no cloak)
rCorr    .         Harm     .   (no gloves)
MR       +....                  L - +1 pair of boots (curse)
Stlth    ..........             E - amulet of faith {Faith, !P}
HPRegen  0.00/turn              u - ring of magical power {MP+9}
MPRegen  0.16/turn              v - ring of wizardry {Wiz+, !d}

@: paralysed, lethally poisoned (0 -> 0), non-regenerating, slowed, heavily
drained
A: damage resistance, heal wounds, sense surroundings 2, no regeneration
a: Heal Wounds, Minor Destruction, Lesser Servant of Makhleb, Major Destruction,
Renounce Religion


You were on level 10 of the Dungeon.
You worshipped Makhleb.
Makhleb was greatly pleased with you.
You were not hungry.

You visited 2 branches of the dungeon, and saw 11 of its levels.
You also visited: Sewer.

You collected 511 gold pieces.
You spent 280 gold pieces at shops.

Inventory:

Hand Weapons
 a - a +0 war axe
 D - a +7 broad axe of chopping (weapon)
   (You bought it in a shop on level 6 of the Dungeon)
Armour
 b - a +0 scale mail
 c - a +0 shield
 i - a +1 hat (worn)
   (You bought it in a shop on level 7 of the Dungeon)
 j - a +2 buckler (worn)
   (You found it on level 3 of the Dungeon)
 B - a +0 chain mail (worn)
   (You found it on level 3 of the Dungeon)
 K - a +0 cloak
   (You took it off Maurice on level 9 of the Dungeon)
 L - a cursed +1 pair of boots (worn)
   (You found it on level 6 of the Dungeon)
Jewellery
 u - a ring of magical power (left hand) {MP+9}
   (You found it on level 3 of the Dungeon)
 v - a ring of wizardry (right hand) {Wiz+, !d}
   (You found it on level 8 of the Dungeon)
 E - an amulet of faith (around neck) {Faith, !P}
   (You found it on level 4 of the Dungeon)
 G - a +2 ring of intelligence
   (You took it off an orc wizard on level 4 of the Dungeon)
Wands
 s - a wand of iceblast (8)
   (You found it on level 8 of the Dungeon)
 t - a wand of clouds (3)
   (You found it on level 8 of the Dungeon)
 C - a wand of polymorph (6)
   (You took it off Natasha on level 3 of the Dungeon)
 J - a wand of digging (6)
   (You found it on level 5 of the Dungeon)
 M - a wand of paralysis (9)
   (You took it off Maurice on level 9 of the Dungeon)
Scrolls
 e - a scroll of blinking {!r}
 h - 5 scrolls of remove curse
 n - a scroll of identify
 q - a scroll of amnesia
 w - 7 scrolls of teleportation
 y - 2 scrolls of fear
 I - 5 scrolls of fog
Potions
 d - 3 potions of might
 g - 6 potions of brilliance
 k - 2 potions of flight
 l - 2 potions of agility
 m - 3 potions of haste
 o - 6 potions of curing
 p - a potion of lignification {unknown}
 x - a potion of mutation {unknown}
 z - 6 potions of heal wounds
 A - a potion of ambrosia {unknown}
 F - 2 potions of cancellation
 H - a potion of magic {unknown}
Comestibles
 f - 15 rations
 r - 9 chunks of flesh {@w0}


   Skills:
 - Level 8.0(6.5) Fighting
 * Level 12.8(11.2) Axes
 - Level 4.1(2.7) Armour
 + Level 9.9(8.4) Shields
 + Level 3.1(1.8) Invocations


You had 10 spell levels left.
You didn't know any spells.
Your spell library contained the following spells:

 Spells                   Type           Power        Failure   Level  Hunger
 Apportation              Tloc           #.....       75%         1    ##.....
 Corona                   Hex            #......      75%         1    ##.....
 Magic Dart               Conj           #...         75%         1    ##.....
 Summon Butterflies       Summ           #.......     75%         1    ##.....
 Blink                    Tloc           N/A          86%         2    ###....
 Call Imp                 Summ           #.......     86%         2    ###....
 Slow                     Hex            #.......     86%         2    ###....
 Conjure Flame            Conj/Fire      #.......     98%         3    ####...
 Inner Flame              Hex/Fire       #.......     98%         3    ####...
 Lesser Beckoning         Tloc           #.........   98%         3    ####...
 Mephitic Cloud           Conj/Pois/Air  #.......     98%         3    ####...
 Portal Projectile        Hex/Tloc       #.....       98%         3    ####...
 Tukima's Dance           Hex            #.......     98%         3    ####...
 Cause Fear               Hex            #.........   100%        4    #####..
 Leda's Liquefaction      Hex/Erth       #.........   100%        4    #####..
 Alistair's Intoxication  Tmut/Pois      #.......     100%        5    ######.
 Silence                  Hex/Air        #.........   100%        5    ######.
 Yara's Violent Unravell  Hex/Tmut       #.........   100%        5    ######.
 Deflect Missiles         Chrm/Air       #.........   100%        6    #######
 Invisibility             Hex            #.......     100%        6    #######
 Discord                  Hex            #.........   100%        8    #######


Dungeon Overview and Level Annotations

Branches:
Dungeon (10/15)            Temple (1/1) D:5
   Lair: D:8-11         Orc: D:9-12

Altars:
Ashenzari
Elyvilon
Fedhas
Gozag
Hepliaklqana
Kikubaaqudgha
Makhleb
Ru
Sif Muna
Trog
Uskayaw
Vehumet
Wu Jian
Xom
Yredelemnul
Zin
The Shining One

Shops:
D:6 (   D:7 [=}[

Annotations:
D:3 1 runed translucent door, Crazy Yiuf


Innate Abilities, Weirdness & Mutations

You are resistant to damage.
You can heal yourself by infusing magical energy.
You passively map the area around you.
You do not regenerate.


Message History

You feel yourself slow down.
The wight hits you from afar with a +3 trident of freezing.
The wight freezes you. The orc completely misses you.
You block the wight's attack. The hornet stings you.
You suddenly lose the ability to move!
The wight hits you with a +5 short sword of freezing.
The wight freezes you. The orc hits you but does no damage.
The wight completely misses you. The orc hits you but does no damage.
The hornet stings you!
You are poisoned.
You feel as though you will be slow longer.
The wight hits you from afar with a cursed +0 halberd.
You feel drained.
The wight hits you with a +5 short sword of freezing.
You feel drained. The wight freezes you. The hornet stings you!
You feel as though you will be slow longer.
The orc hits you with a +0 mace.
The wight hits you from afar with a +3 trident of freezing.
You feel drained. The wight freezes you. The hornet stings you!
You feel as though you will be slow longer.
The orc hits you but does no damage.
The wight hits you but does no damage. x2
The orc hits you with a +0 mace.
The hornet stings you but does no damage.
The wight hits you but does no damage.
You can move again.
You take 38 damage, and have 51/103 hp.
MASSIVE DAMAGE!!
You completely miss the hornet. You closely miss the orc. x2
You slash the wight! The hornet stings you.
You feel as though you will be slow longer.
The orc hits you with a +0 mace. The wight barely misses you.
The wight hits you from afar with a cursed +0 halberd.
You feel drained. You block the wight's attack. The orc barely misses you.
The hornet completely misses you.
The wight hits you with a +5 short sword of freezing.
You feel drained. The wight freezes you. You block the orc's attack.
You take 3 damage, and have 48/103 hp.
You barely miss the hornet. You slash the wight!
You destroy the wight!
Makhleb accepts your kill.
You slash the orc!
You kill the orc!
Makhleb accepts your kill.
You feel better.
You hit the orc.
You kill the orc!
Makhleb accepts your kill.
You feel better. The hornet stings you!
You are more poisoned.
You feel as though you will be slow longer.
You block the wight's attack. The wight misses you.
The hornet stings you but does no damage.
The wight barely misses you. You block the ice beast's attack.
The wight barely misses you.
You take 7 damage, and have 41/103 hp.
You slash the hornet! You slash the orc warrior! You hit the ice beast.
You hit the wight. The hornet stings you!
You feel as though you will be slow longer.
The wight barely misses you. The orc warrior barely misses you.
You block the ice beast's attack.
The hornet stings you but does no damage.
You block the wight's attack.
The wight hits you from afar with a cursed +0 halberd.
The wight hits you from afar with a +3 trident of freezing!
* * * LOW HITPOINT WARNING * * *
The wight freezes you.
The ice beast hits you but does no damage.
The hornet stings you but does no damage.
The orc warrior hits you with a +0 war axe.
You take 12 damage, and have 29/103 hp.
You barely miss the hornet.
You hit the orc warrior but do no damage.
You barely miss the ice beast. You slash the wight!
You destroy the wight!
Makhleb accepts your kill.
You feel better. The hornet stings you.
You feel as though you will be slow longer.
You block the wight's attack. The wight hits you but does no damage.
The ice beast hits you. The ice beast freezes you!
* * * LOW HITPOINT WARNING * * *
The hornet stings you.
* * * LOW HITPOINT WARNING * * *
You are more poisoned.
You feel as though you will be slow longer.
You block the orc warrior's attack.
Unknown command.
You slash the hornet! You slash the ice beast! You slash the orc warrior!
The hornet stings you!
* * * LOW HITPOINT WARNING * * *
You suddenly lose the ability to move!
The wight hits you from afar with a cursed +0 halberd!
* * * LOW HITPOINT WARNING * * *
The ice beast hits you.
* * * LOW HITPOINT WARNING * * *
The ice beast freezes you!
You die...

*
#############.###..)##
#..#..#..#..'.# ##+##
, * , #..#..#รท)#..#.#
* * * , ,
###.##.##.###.# *,* *
#..#..#..#.#..# * ,
#..#..#..###..# ,,,**
###.#######..### *
#..#.####......# , , *
#..###.z)@Y....# ,
#.##...zoy)...(.#, , ,
###.........####.., ,
..........# ,#.. *
........##. .. *,*
,......### #. * * *
.....#, , ## , ,
*,.%..#*, * ** * * , *
,* *


You could see a hornet, an orc warrior, an ice beast and 2 wights.

Vanquished Creatures
  Erolcha (D:9)
  A two-headed ogre (D:10)
  Pikel (D:7)
  Maurice (D:9)
  A hippogriff (D:10)
  6 yaks (D:9)
  A water moccasin (D:8)
  4 phantoms
  2 orc warriors
  3 ice beasts
  A slave (D:7)
  2 sky beasts
  8 ogres
  3 centaurs
  3 bullfrogs
  A gnoll sergeant (D:7)
  2 water moccasin zombies (D:6)
  3 scorpions
  4 killer bees (D:9)
  2 howler monkeys
  11 wights
  2 crimson imps
  A centaur zombie (D:8)
  6 hounds
  2 jellies
  5 orc priests
  2 bullfrog skeletons (D:4)
  13 orc wizards
  2 centaur skeletons (D:7)
  2 iguanas
  Jessica (D:2)
  Natasha (thrice) (D:3)
  11 worker ants
  A killer bee zombie (D:7)
  2 hound skeletons (D:4)
  4 gnolls (D:7)
  2 howler monkey skeletons (D:4)
  A river rat (D:3)
  12 adders
  2 shadow imps
  An ooze (D:2)
  An adder skeleton (D:4)
  3 worms
  6 dart slugs
  4 leopard geckos
  26 orcs
  3 bats
  8 giant cockroaches
  8 goblins
  7 hobgoblins
  13 jackals
  9 kobolds
  5 quokkas
  4 ball pythons (Sewer)
  6 frilled lizards
  A leopard gecko skeleton (D:4)
  19 rats
  2 plants (Sewer)
261 creatures vanquished.

Notes
Turn   | Place    | Note
-------+----------+-------------------------------------------
     0 | D:1      | Firecrotchwizard the Deep Dwarf Fighter began the quest for
                  | the Orb.
     0 | D:1      | Reached XP level 1. HP: 20/20 MP: 1/1
    59 | D:1      | Reached XP level 2. HP: 25/27 MP: 2/2
   525 | D:1      | Reached skill level 3 in Fighting
   542 | D:1      | Reached XP level 3. HP: 27/34 MP: 3/3
   942 | D:2      | Reached skill level 3 in Axes
  1041 | D:2      | Reached XP level 4. HP: 33/42 MP: 4/4
  1059 | D:2      | Reached skill level 4 in Armour
  1186 | D:2      | Noticed Jessica
  1194 | D:2      | Killed Jessica
  1194 | D:2      | Reached skill level 4 in Shields
  1426 | D:3      | Noticed Natasha
  1435 | D:3      | Killed Natasha
  1435 | D:3      | Reached XP level 5. HP: 34/49 MP: 5/5
  1694 | D:3      | Reached skill level 4 in Axes
  1759 | D:3      | Found a runed translucent door.
  1760 | D:3      | Noticed Crazy Yiuf
  1871 | D:3      | Noticed Natasha
  1884 | D:3      | Killed Natasha
  1939 | D:3      | Found a glowing drain.
  1957 | Sewer    | Entered a sewer
  2160 | Sewer    | Reached XP level 6. HP: 43/57 MP: 6/6
  2761 | D:3      | Noticed Natasha
  2809 | D:3      | Killed Natasha
  2905 | D:4      | Reached skill level 4 in Fighting
  2905 | D:4      | Reached skill level 5 in Axes
  2906 | D:4      | Reached skill level 5 in Shields
  2961 | D:4      | Found a glowing golden altar of the Shining One.
  3019 | D:4      | Reached XP level 7. HP: 64/64 MP: 6/6
  3074 | D:4      | Reached skill level 6 in Axes
  3718 | D:4      | Reached skill level 7 in Axes
  3756 | D:4      | Reached skill level 5 in Fighting
  3756 | D:4      | Reached skill level 6 in Shields
  3756 | D:4      | Reached XP level 8. HP: 57/74 MP: 7/7
  3835 | D:5      | Entered Level 5 of the Dungeon
  3969 | D:5      | Found a staircase to the Ecumenical Temple.
  3978 | Temple   | Entered the Ecumenical Temple
  4007 | Temple   | Became a worshipper of Makhleb the Destroyer
  4902 | D:6      | Found Gyddeeli's Antique Weapon Shop.
  4908 | D:6      | Bought a glowing broad axe for 133 gold pieces
  5065 | D:6      | Reached skill level 8 in Axes
  5253 | D:6      | Reached skill level 7 in Shields
  5269 | D:6      | Reached skill level 9 in Axes
  5286 | D:6      | Reached skill level 6 in Fighting
  5591 | D:6      | Gained mutation: You passively map the area around you.
                  | [Deep Dwarf growth]
  5591 | D:6      | Reached XP level 9. HP: 63/82 MP: 7/7
  6086 | D:7      | Found Icamoer's Antique Armour Boutique.
  6099 | D:7      | Bought an embroidered hat for 147 gold pieces
  6209 | D:7      | Reached * piety under Makhleb
  6395 | D:7      | Found Diacraa's Jewellery Boutique.
  6591 | D:7      | Reached skill level 10 in Axes
  6658 | D:7      | Found Ilyr's Antique Armour Emporium.
  6699 | D:7      | Found Carayra's Gadget Emporium.
  6701 | D:7      | Noticed Pikel
  6713 | D:7      | Killed Pikel
  6713 | D:7      | Reached skill level 8 in Shields
  7126 | D:8      | Reached ** piety under Makhleb
  7126 | D:8      | Reached skill level 7 in Fighting
  7382 | D:8      | Reached skill level 11 in Axes
  7382 | D:8      | Reached XP level 10. HP: 62/94 MP: 7/7
  7859 | D:9      | Noticed Maurice
  8005 | D:9      | Paralysed by Maurice for 3 turns
  8022 | D:9      | Noticed Erolcha
  8029 | D:9      | Killed Erolcha
  8029 | D:9      | Reached skill level 9 in Shields
  8031 | D:9      | Killed Maurice
  8085 | D:9      | Reached skill level 12 in Axes
  8094 | D:9      | Reached skill level 8 in Fighting
  8124 | D:9      | Reached *** piety under Makhleb
  8256 | D:9      | Reached skill level 1 in Invocations
  8502 | D:9      | Reached skill level 2 in Invocations
  8584 | D:10     | Entered Level 10 of the Dungeon
  8666 | D:10     | Noticed a two-headed ogre
  8670 | D:10     | Killed a two-headed ogre
  8673 | D:10     | Reached XP level 11. HP: 93/103 MP: 10/10
  8684 | D:10     | Reached **** piety under Makhleb
  8684 | D:10     | Reached skill level 3 in Invocations
  8726 | D:10     | Paralysed by a hornet for 3 turns
  8732 | D:10     | HP: 25/103 [hornet (1)]
  8733 | D:10     | Paralysed by a hornet for 3 turns
  8733 | D:10     | HP: 11/103 [wight/cursed +0 halberd (6)]
  8733 | D:10     | Slain by an ice beast

Levels and vault maps discovered:
D:1:      erik_arrival_orb_chamber, layout_basic, hex_intersection,
          chequers_serial_rivers_micro_a, nrook_loot_triangle
D:2:      layout_rooms, uniq_jessica
D:3:      layout_basic, portal_sewer_entry_b, uniq_natasha,
          uniq_crazy_yiuf_cottage
D:4:      minmay_bubble_buster, layout_basic, kennysheep_mini_moat, first_ration
D:5:      layout_basic, minmay_temple_entry_waves, kennysheep_windowed_goal
D:6:      layout_basic, serial_shops, shop
D:7:      layout_basic, serial_shops, shop, nicolae_shop_statue_plus,
          kennysheep_mini, nicolae_shop_window_shopping, uniq_pikel
D:8:      layout_basic
D:9:      layout_rooms, uniq_erolcha, uniq_maurice
D:10:     minmay_s_stair_smasher, layout_loops_corners, basic_altar,
          grunt_tengu_nest, moated_statue, dk_rats_in_the_wall
Temple:   compressed_dpeg_circular_temple

Skill      XL: |  1  2  3  4  5  6  7  8  9 10 11 |
---------------+----------------------------------+-----
Fighting       | 3 4 5 6 7 8 |  8.0
Axes           | 3 4 5 7 9 11 12 | 12.8
Armour         | 4 |  4.1
Shields        | 4 5 6 7 8 9 |  9.9
Invocations    | 2 3 |  3.1

Action                   |  1- 3 |  4- 6 |  7- 9 | 10-12 || total
-------------------------+-------+-------+-------+-------++-------
Melee: War axe           |   107 |   224 |   167 |       ||   498
       Broad axe         |       |       |   170 |   140 ||   310
 Abil: Heal Wounds       |       |     5 |     9 |       ||    14
Evoke: Wand              |       |       |       |     3 ||     3
  Use: Scroll            |       |     1 |    18 |     2 ||    21
  Eat: Chunk             |     1 |     7 |    11 |     4 ||    23
       Ration            |       |       |     1 |       ||     1
Armor: Scale mail        |    37 |    69 |       |       ||   106
       Chain mail        |       |    15 |   146 |    62 ||   223
       Skin              |       |     8 |       |       ||     8
Dodge: Dodged            |    41 |    79 |    97 |    49 ||   266
Block: Shield            |    48 |    22 |       |       ||    70
       Buckler           |       |    48 |   109 |    62 ||   219

Table legend:
 A = Non-vault XP
 B = Vault XP
 C = Vault XP percentage of total XP
 D = Non-vault monster count
 E = Vault monster count
 F = Vault count percentage of total count
                 A         B        C        D         E       F
            +---------+---------+-------+---------+---------+-------
      Total |    7628 |    3895 |  33.8 |     193 |      65 |  25.2
            +---------+---------+-------+---------+---------+-------
        D:1 |      37 |      12 |  24.5 |      19 |      12 |  38.7
        D:2 |      67 |      37 |  35.6 |      22 |       1 |   4.3
        D:3 |     169 |      55 |  24.6 |      10 |       5 |  33.3
        D:4 |     829 |     251 |  23.2 |      28 |      13 |  31.7
        D:5 |     242 |       3 |   1.2 |       2 |       1 |  33.3
        D:6 |    1454 |       0 |   0.0 |      22 |       0 |   0.0
        D:7 |     722 |     593 |  45.1 |      17 |       1 |   5.6
        D:8 |    1131 |       0 |   0.0 |      30 |       0 |   0.0
        D:9 |    2858 |    1481 |  34.1 |      39 |       2 |   4.9
       D:10 |     119 |    1379 |  92.1 |       4 |       7 |  63.6
      Sewer |       0 |      84 | 100.0 |       0 |      23 | 100.0
            +---------+---------+-------+---------+---------+-------

Levels and vault maps discovered:
D:1:      erik_arrival_orb_chamber, layout_basic, hex_intersection,
          chequers_serial_rivers_micro_a, nrook_loot_triangle
D:2:      layout_rooms, uniq_jessica
D:3:      layout_basic, portal_sewer_entry_b, uniq_natasha,
          uniq_crazy_yiuf_cottage
D:4:      minmay_bubble_buster, layout_basic, kennysheep_mini_moat, first_ration
D:5:      layout_basic, minmay_temple_entry_waves, kennysheep_windowed_goal
D:6:      layout_basic, serial_shops, shop
D:7:      layout_basic, serial_shops, shop, nicolae_shop_statue_plus,
          kennysheep_mini, nicolae_shop_window_shopping, uniq_pikel
D:8:      layout_basic
D:9:      layout_rooms, uniq_erolcha, uniq_maurice
D:10:     minmay_s_stair_smasher, layout_loops_corners, basic_altar,
          grunt_tengu_nest, moated_statue, dk_rats_in_the_wall
Temple:   compressed_dpeg_circular_temple

Table legend:
 A = Turns spent in this place as a percentage of turns spent in the entire game.
 B = Non-inter-level travel turns spent in this place as a percentage of non-inter-level travel turns spent in the entire game.
 C = Inter-level travel turns spent in this place as a percentage of turns spent in this place.
 D = Turns resting spent in this place as a percentage of non-inter-level travel turns spent in this place.
 E = Turns spent auto-exploring this place as a percentage of non-inter-level travel turns spent in this place.
 F = Non-inter-level travel turns spent in this place divided by the number of levels of this place that you've seen.
                   A       B       C       D       E      F
               +-------+-------+-------+-------+-------+----------------------
         Total | 100.0 | 100.0 |   5.4 |   8.0 |  69.9 | 688.7
       Dungeon |  90.4 |  90.2 |   5.6 |   7.2 |  70.9 | 745.2
        Temple |   0.7 |   0.5 |  41.5 |   0.0 |  78.9 |  38.0
         Sewer |   8.9 |   9.4 |   0.0 |  15.9 |  59.9 | 774.0
               +-------+-------+-------+-------+-------+----------------------

Table legend:
 A = Kills in this place as a percentage of kills in entire the game.
 B = Kills by you in this place as a percentage of kills by you in the entire game.
 C = Kills by friends in this place as a percentage of kills by friends in the entire game.
 D = Other kills in this place as a percentage of other kills in the entire game.
 E = Experience gained in this place as a percentage of experience gained in the entire game.
 F = Experience gained in this place divided by the number of levels of this place that you have seen.
                   A       B       C       D       E      F
               +-------+-------+-------+-------+-------+----------------------
         Total | 100.0 | 100.0 |   N/A |   N/A | 100.0 | 960.2
       Dungeon |  91.1 |  91.1 |   N/A |   N/A |  99.3 | 1143.9
         Sewer |   8.9 |   8.9 |   N/A |   N/A |   0.7 |  84.0
               +-------+-------+-------+-------+-------+----------------------
